 Dungeon Crawl Stone Soup version 0.21-a0-517-gd76cfe0 (webtiles) character file.

34 slep the Skirmisher (level 3, -7/20 HPs)
             Began as a Vine Stalker Monk on Dec 3, 2017.
             Mangled by an iguana (9 damage)
             ... on level 2 of the Dungeon.
             The game lasted 00:03:54 (1422 turns).

slep the Skirmisher (Vine Stalker Monk)             Turns: 1422, Time: 00:03:56

Health: -7/20      AC:  9    Str: 14    XL:     3   Next: 31%
Magic:  0/13       EV: 13    Int: 10    God:
Gold:   32         SH:  0    Dex: 16    Spells: 2/2 levels left

rFire    . . .     SeeInvis .   o - +0 hand axe
rCold    . . .     Gourm    .   (no shield)
rNeg     . . .     Faith    .   s - +0 leather armour
rPois    .         Spirit   +   e - +2 helmet
rElec    .         Reflect  .   (no cloak)
rCorr    .         Harm     .   l - +2 pair of gloves
MR       .....                  (no boots)
Stlth    ++........             r - amulet of magic regeneration
HPRegen  0.06/turn              p - ring of magical power
MPRegen  0.38/turn              (no ring)

@: no status effects
A: fangs 2, magic shield, antimagic bite, no potion heal 3, rot immunity
a: no special abilities


You were on level 2 of the Dungeon.
You were not hungry.

You visited 1 branch of the dungeon, and saw 2 of its levels.

You collected 32 gold pieces.

Inventory:

Hand Weapons
 a - a +0 spear
 o - a +0 hand axe (weapon)
Armour
 b - a +0 robe
 e - a +2 helmet (worn)
 l - a +2 pair of gloves (worn)
 s - a +0 leather armour (worn)
Jewellery
 p - a ring of magical power (left hand)
 r - an amulet of magic regeneration (around neck)
Scrolls
 d - a scroll of enchant armour {unknown}
 i - 2 scrolls of remove curse {unknown}
 k - a scroll of blinking {unknown}
 n - 2 scrolls of identify {unknown}
Potions
 f - 2 potions of ambrosia {unknown}
 h - a potion of haste {unknown}
 j - a potion of agility {unknown}
 m - a potion of degeneration {unknown}
Comestibles
 c - 3 bread rations
 g - a meat ration
 q - 2 chunks of flesh


   Skills:
 + Level 3.1 Fighting
 + Level 3.1 Polearms
 + Level 2.7 Dodging
 + Level 2.6 Stealth


You had 2 spell levels left.
You didn't know any spells.

Dungeon Overview and Level Annotations

Branches:
Dungeon (2/15)

Altars:


Innate Abilities, Weirdness & Mutations

You have extremely sharp teeth.
When hurt, damage is shared between your health and your magic reserves.
Your bite disrupts and absorbs the magic of your enemies.
Potions cannot restore your health.
You are immune to rotting.


Message History

The iguana misses you. The kobold misses you.
You barely miss the iguana. Your bite misses the iguana.
The iguana is heavily wounded.
You hit the kobold but do no damage. x2; The kobold closely misses you.
The iguana closely misses you. The kobold hits you but does no damage.
The kobold closely misses you. The iguana bites you.
You hit the iguana but do no damage.
The iguana is heavily wounded.
You completely miss the kobold. You barely miss the kobold.
The kobold barely misses you. The kobold hits you but does no damage.
The iguana bites you!
* * * LOW HITPOINT WARNING * * *
The kobold hits you but does no damage.
You hit the iguana.
The iguana is heavily wounded.
You hit the kobold. You hit the kobold but do no damage.
The kobold hits you with a short sword.
* * * LOW HITPOINT WARNING * * *
The iguana bites you!
You die...

#.###.########
#.# #.........
#.# #.########
#.# #.# #.#
#.####### #.#
#.#......
#.###....w.#
#...lK.....#
#..##@.....#
#. #K#...## #
#.##### #.(
..> .... ###.
.#


You could see a worm, an iguana and 2 kobolds.

Vanquished Creatures
  An adder (D:2)
  A dart slug (D:1)
  2 leopard geckos (D:1)
  2 bats (D:1)
  2 goblins (D:1)
  3 hobgoblins
  3 jackals (D:1)
  2 kobolds
  3 rats
19 creatures vanquished.

Notes
Turn   | Place    | Note
-------+----------+-------------------------------------------
     0 | D:1      | slep the Vine Stalker Monk began the quest for the Orb.
     0 | D:1      | Reached XP level 1. HP: 11/11 MP: 2/2
   300 | D:1      | Reached XP level 2. HP: 7/16 MP: 1/3
  1271 | D:2      | Reached XP level 3. HP: 15/20 MP: 2/4
  1422 | D:2      | Mangled by an iguana

Vault maps used:
D:1:      onia_arrival_pyramid, serial_bayou_lake_a
D:2:      first_bread

Skill      XL: |  1  2 |
---------------+-------+-----
Fighting       | 3 |  3.1
Polearms       | 3 |  3.1
Dodging        | |  2.7
Stealth        | |  2.6

Action                   || total
-------------------------++-------
Melee: Spear             ||    66
       Bite              ||    11
       Hand axe          ||    11
 Stab: Sleeping          ||     3
  Eat: Chunk             ||     2
Armor: Robe              ||    18
       Leather armour    ||     7
Dodge: Dodged            ||    53

Table legend:
 A = Spawn XP
 B = Non-spawn XP
 C = Spawn XP percentage of total XP
 D = Spawn monster count
 E = Non-spawn monster count
 F = Spawn count percentage of total count
 G = Total turns spent on level
                    A         B        C        D         E        F      G
               +---------+---------+-------+---------+---------+-------+---------
         Total |       0 |      49 |   0.0 |       0 |      19 |   0.0 |  1422
               +---------+---------+-------+---------+---------+-------+---------
           D:1 |       0 |      28 |   0.0 |       0 |      14 |   0.0 |  1206
           D:2 |       0 |      21 |   0.0 |       0 |       5 |   0.0 |   216
               +---------+---------+-------+---------+---------+-------+---------
